Unix NetHack Version 5.0.0-0 post-release - last build May 17 2026 04:57:42 (dc50c8380fa5e20985bfe3072449f57b8d9895ef,branch:main).

Game began 2026-05-21 15:00:21, ended 2026-05-21 15:21:03.

DaveT, lawful male human Priest

     ---------                          --------------
     |........########################@G.......{.....|
     |.......|                      #    ...$........|
     |.......-#####``################      ..........|
     |.......|     ------          ####    ------- ---
     |.......|     |....|             #####
     |.......-#    |....|             #####
     ---.-----#####-....[####            #
        ###        ------   ####        ##
          #                    ####      ##
          #                       #   #  #
          #                       ####---..-
          #                          #|..^.|
    ------.-                         #.....|
    |......|                          |<...|
    |.....>|                          ------
    --------

DaveT the Acolyte            St:12 Dx:15 Co:14 In:9 Wi:18 Ch:9  Lawful
Dlvl:3  $:0  HP:0(41) Pw:64(64) AC:3  Xp:5 T:3669  Burdened

Latest messages:
 The leprechaun hits!
 You hit the leprechaun.
 The leprechaun misses!
 The leprechaun hits!
 You miss the leprechaun.
 The leprechaun hits!
 The leprechaun hits!
 The leprechaun hits!
 You hit the leprechaun.
 The leprechaun hits!
 You miss the leprechaun.
 The leprechaun hits!
 You hit the leprechaun.
 The gecko misses!
 The leprechaun picks up 117 gold pieces.
 You kill the gecko!
 You hit the leprechaun.
 You miss the lichen.
 You hit the lichen.
 You miss the lichen.
 You kill the lichen!
 You see here a lichen corpse.
 You see here a lichen corpse.
 There is a lichen corpse here; eat it? [ynq] (n) y
 This lichen corpse tastes okay.
 You finish eating the lichen corpse.
 You hear a slow drip.
 You try to move the boulder, but in vain.
 You hear a door open.
 You start digging.
 You hit the rock with all your might.
 You break through a secret door!
 The gnome lord hits!
 You miss the gnome lord.
 The gnome lord hits!
 You hit the gnome lord.
 The gnome lord hits!
 You miss the gnome lord.
 The gnome lord hits!
 The gnome lord hits!
 You miss the gnome lord.
 The gnome lord hits!
 You miss the gnome lord.
 The gnome lord hits!
 You hit the gnome lord.
 The gnome lord hits!
 The gnome lord hits!
 You die...
 Do you want your possessions identified? [ynq] (y) y
 Do you want to see your attributes? [ynq] (y) q

Inventory:
 Weapons  (')')
  Y - a blessed +0 dagger
  I - a +0 orcish dagger
  T - the blessed +2 Demonbane
  a - a blessed +1 mace
  X - the rustproof +2 Ogresmasher
  n - the rustproof +2 Trollsbane
 Armor    ('[')
  y - a +0 helmet (being worn)
  x - a +0 pair of kicking boots (being worn)
  c - a +0 small shield (being worn)
  b - a +0 robe (being worn)
  M - a +0 leather armor (being worn)
 Comestibles  ('%')
  G - a carrot
  e - a clove of garlic
  f - a sprig of wolfsbane
 Scrolls  ('?')
  w - a scroll of earth
  L - a scroll of food detection
  Q - a cursed scroll of genocide
  s - a scroll of magic mapping
 Spellbooks  ('+')
  t - a spellbook of haste self
  H - a spellbook of light
 Potions  ('!')
  p - a potion of healing
  m - 2 cursed potions of healing
  D - a potion of speed
  d - 4 potions of holy water
  P - a potion of water
 Rings    ('=')
  r - a ring of see invisible (on left hand)
  q - a cursed ring of see invisible
  E - a ring of slow digestion
 Tools    ('(')
  j - a lock pick
  A - a +0 pick-axe (weapon in left hand)
 Gems/Stones  ('*')
  v - a fluorite stone
  o - a cursed topaz stone
  u - a worthless piece of blue glass
  z - 2 worthless pieces of violet glass
  U - a worthless piece of white glass

DaveT the Priest's attributes:

Background:
 You were an Acolyte, a level 5 human Priest.
 You were lawful, on a mission for Quetzalcoatl
 who was opposed by Camaxtli (neutral) and Huhetotl (chaotic).
 You were left-handed.
 You were in the Dungeons of Doom, on level 3.
 You entered the dungeon 3669 turns ago.
 You had 288 experience points, 32 more were needed to attain level 6.

Basics:
 You had 0 out of 41 hit points.
 You had all 64 energy points (spell power).
 Your armor class was 3.
 Your wallet was empty.
 Autopickup was off.

Final Characteristics:
 Your strength was 12 (limit:18/100).
 Your dexterity was 15 (limit:18).
 Your constitution was 14 (limit:18).
 Your intelligence was 9 (limit:18).
 Your wisdom was 18 (limit:18).
 Your charisma was 9 (limit:18).

Final Status:
 You weren't hungry.
 You were burdened; movement was slightly slowed.
 You were wielding a pick-axe.
 You had no skill with pick-axe.

Final Attributes:
 You were piously aligned.
 You saw invisible.
 You were telepathic.
 You were guarded.
 Your spell casting was enhanced by wearing a robe.
 You are dead.

Miscellaneous:
 You didn't encounter any bones levels.
 Total elapsed playing time was 20 minutes and 41 seconds.

Major events:
 Turn
    1: DaveT the lawful human Priest entered the dungeon
  660: attained the rank of Acolyte (level 3)
 2053: was bestowed with Demonbane by Quetzalcoatl
 2438: was bestowed with Ogresmasher by Quetzalcoatl
 2706: was bestowed with Trollsbane by Quetzalcoatl
 3669: killed by a gnome lord

Spells:
 Name                 Level Category     Fail Retention
 light                  1   clerical       0%   81%-90%
 cure sickness          3   healing       81%  76%-100%
 haste self             3   escape        85%  76%-100%
 wizard lock            2   matter        53%  76%-100%

Skills:
 Fighting Skills
   bare handed combat [Unskilled]
 Weapon Skills
   club               [Unskilled]
   mace               [Skilled]
   morning star       [Unskilled]
   flail              [Unskilled]
   hammer             [Unskilled]
   quarterstaff       [Unskilled]
   polearms           [Unskilled]
   spear              [Unskilled]
   trident            [Unskilled]
   lance              [Unskilled]
   bow                [Unskilled]
   sling              [Unskilled]
   crossbow           [Unskilled]
   dart               [Unskilled]
   shuriken           [Unskilled]
   boomerang          [Unskilled]
   unicorn horn       [Unskilled]
 Spellcasting Skills
   healing spells     [Unskilled]
   divination spells  [Unskilled]
   clerical spells    [Basic]

Voluntary challenges:
 Character rerolling was not enabled.
 You never genocided any monsters.
 You never polymorphed an object.
 You never changed form.
 You used no wishes.
Achievements:
 You attained the rank of Acolyte.
 You entered a shop.

 The Dungeons of Doom: levels 1 to 4
    Level 1:
       An altar to Quetzalcoatl, some fountains.
    Level 2:
       A weapon shop, a fountain.
    Level 3: <- You were here.
       A sink.
       Final resting place for
          you, killed by a gnome lord.
    Level 4:


Vanquished creatures:
  3 floating eyes
  a dwarf
  a homunculus
  a kobold leader
  a giant bat
  a wererat
  a werejackal
  4 iguanas
  3 coyotes
  a gas spore
  a hobbit
  a large kobold
  3 giant rats
  5 cave spiders
  2 yellow molds
  a green mold
  a red mold
  2 gnome zombies
  7 geckos
 14 jackals
  4 foxes
  5 kobolds
  4 goblins
  6 grid bugs
  2 bats
  8 lichens
  a kobold zombie
  7 newts
91 creatures vanquished.

No species were genocided or became extinct.

Game over:
                       ----------
                      /          \
                     /    REST    \
                    /      IN      \
                   /     PEACE      \
                  /                  \
                  |      DaveT       |
                  |       0 Au       |
                  |   killed by a    |
                  |    gnome lord    |
                  |                  |
                  |                  |
                  |       2026       |
                 *|     *  *  *      | *
        _________)/\\_//(\/(/\)/\//\/|_)_______

Goodbye DaveT the Priest...

You died in The Dungeons of Doom on dungeon level 3 with 1322 points,
and 0 pieces of gold, after 3669 moves.
You were level 5 with a maximum of 41 hit points when you died.

